 Dungeon Crawl Stone Soup version 0.30-a0-793-g160f7cfddd (webtiles) character file.

Game seed: 13360282630440724540

4 Monkooky the Trooper (level 1, -3/24 HPs)
             Began as an Ogre Delver on Feb 19, 2023.
             Was an Initiate of Ashenzari.
             Slain by a river rat (6 damage)
             ... on level 4 of the Dungeon.
             The game lasted 00:03:04 (568 turns).

Monkooky the Trooper (Ogre Delver)                   Turns: 568, Time: 00:03:05

Health: -3/24      AC:  3    Str: 15    XL:     1   Next: 70%
Magic:  2/2        EV:  9    Int: 11    God:    Ashenzari [......]
Gold:   80         SH:  0    Dex: 10    Spells: 2/2 levels left

rFire   . . .      SeeInvis .    j - +0 dagger
rCold   . . .      Faith    .    (no shield)
rNeg    . . .      Spirit   .    b - +0 robe
rPois   .          Reflect  .    (helmet restricted)
rElec   .          Harm     .    (no cloak)
rCorr   .          Rampage  .    (gloves unavailable)
Will    .....                    (boots unavailable)
Stlth   ++                       (no amulet)
HPRegen 0.24/turn                (no ring)
MPRegen 0.08/turn                (no ring)

@: flying, hasted, very quick
A: large, unfitting armour, tough skin 1
a: Renounce Religion


You were on level 4 of the Dungeon.
You worshipped Ashenzari.
Ashenzari was noncommittal.
You visited 2 branches of the dungeon, and saw 3 of its levels.

You collected 80 gold pieces.

Inventory:

Hand Weapons
 a - a +0 short sword
 i - a +0 hand axe
 j - a +0 dagger (weapon)
Armour
 b - a +0 robe (worn)
Wands
 g - a wand of digging (3)
Scrolls
 c - a scroll of fog
 d - a scroll of magic mapping
 e - a scroll of fear


   Skills:
 - Level 4.0 Fighting
 - Level 1.7 Short Blades
 - Level 1.7 Dodging
 - Level 3.7 Stealth
 * Level 1.3 Spellcasting


You had 2 spell levels left.
You didn't know any spells.
Your spell library contained the following spells:

 Spells                   Type           Power      Damage    Failure   Level
 Cigotuvi's Dreadful Rot  Necr/Pois/Air  0%         N/A       43%         2
 Call Canine Familiar     Summ           0%         N/A       67%         3
 Portal Projectile        Hex/Tloc       0%         N/A       67%         3
 Dispel Undead            Necr           0%         3d6       97%         4
 Leda's Liquefaction      Hex/Erth       0%         N/A       97%         4
 Death Channel            Necr           0%         N/A       100%        6


Dungeon Overview and Level Annotations

Branches:
Dungeon (5/15)             Temple (1/1) D:5

Altars:
Ashenzari
Dithmenos
Elyvilon
Gozag
Kikubaaqudgha
Makhleb
Ru
Sif Muna
Trog
Uskayaw
Vehumet
Yredelemnul
Zin
The Shining One


Innate Abilities, Weirdness & Mutations

You are too large for most types of armour.
You have tough skin. (AC +1)


Message History

Okay, then.
You hit the river rat.
The river rat is lightly wounded.
You hit the river rat but do no damage.
The river rat is lightly wounded.
The river rat bites you.
You barely miss the river rat.
The river rat is lightly wounded.
The river rat barely misses you.
You barely miss the river rat.
The river rat is lightly wounded.
The river rat barely misses you.
You barely miss the river rat.
You punch the river rat, but do no damage.
The river rat is lightly wounded.
The river rat barely misses you.
You completely miss the river rat.
The river rat is lightly wounded.
The river rat closely misses you.
You closely miss the river rat.
The river rat is lightly wounded.
The river rat bites you but does no damage.
You closely miss the river rat.
The river rat is lightly wounded.
The river rat bites you but does no damage.
A worm comes into view.
Okay, then.
You hit the river rat but do no damage. The river rat bites you.
You feel yourself speed up. The river rat closely misses you.
You hit the river rat.
The river rat is moderately wounded.
The river rat bites you!
* * * LOW HITPOINT WARNING * * *
It was a potion of flight.
You feel very buoyant.
You fly up into the air.
You closely miss the river rat.
The river rat is moderately wounded.
The river rat bites you.
You die...

#.# #.#.###.###
#.# #......^#
#######.#
###.#####
.......## .##.#
.####### #w#.# .#
#~#.# .#
#~#.##########...
.# ∩
#r#.............#
.#
#@#######.##.##.
.# #~# #.# ## #~#
#.# ##~# #.#####.#
#.########.......#
#.........######.#
##.#.####.#
######.######
#...........#


You could see a worm and a river rat.

Vanquished Creatures
  An orc (D:4)
  A goblin (D:4)
  A quokka (D:5)
3 creatures vanquished.

Notes
Turn   | Place    | Note
-------+----------+-------------------------------------------
     0 | D:5      | Monkooky the Ogre Delver began the quest for the Orb.
     0 | D:5      | Reached XP level 1. HP: 24/24 MP: 1/1
     1 | D:5      | Found a staircase to the Ecumenical Temple.
    18 | Temple   | Entered the Ecumenical Temple
   253 | Temple   | Became a worshipper of Ashenzari the Shackled
   434 | D:5      | Noticed a jelly
   448 | D:4      | Reached skill level 1 in Spellcasting
   538 | D:4      | Found a sacrificial altar of Ru.
   568 | D:4      | Slain by a river rat

Illustrated notes

Levels and vault maps discovered:
D:4:      layout_loops_corners, nicolae_overflow_hallway_of_the_gods,
          nicolae_ru_sacrificial_ziggurat, gup_sewer_entry_spiral
D:5:      layout_loops_cross, minmay_temple_entry_offerings
Temple:   nicolae_temple_figure_eight

Skill      XL: |  1 |
---------------+----+-----
Spellcasting   | 1 |  1.3
Fighting       | |  4.0
Short Blades   | |  1.7
Dodging        | |  1.7
Stealth        | |  3.7

Action                     || total
---------------------------++-------
  Melee: Short sword       ||    16
         Dagger            ||    14
         Hand axe          ||     5
         Punch             ||     1
    Use: Potion            ||     2
 Armour: Robe              ||     6
  Dodge: Dodged            ||    12

Table legend: (Time is in decaauts)
 A = Elapsed time spent in this place.
 B = Non-inter-level travel time spent in this place.
 C = Inter-level travel time spent in this place.
 D = Time resting spent in this place.
 E = Time spent auto-exploring this place.
 F = Levels seen in this place.
 G = Mean time per level.
                   A        B        C        D        E       F      G
               +--------+--------+--------+--------+--------+-----+--------+
         Total |    565 |    515 |     50 |      0 |    311 |   3 |  188.3 |
       Dungeon |    309 |    279 |     30 |      0 |    112 |   2 |  154.5 |
        Temple |    255 |    235 |     20 |      0 |    199 |   1 |  255.0 |
               +--------+--------+--------+--------+--------+-----+--------+

Top non-repeatable levels by time:
  Temple: 255 daAuts
     D:5: 181 daAuts
     D:4: 128 daAuts
